Map: Oxide LE

Players

ParagonPasT - Winner!

  • Race: Zerg Zerg
  • League: Master
  • Spawn Location: 7:00

A.I. 2 (Elite)

  • Race: Terran Terran
  • Spawn Location: 1:00

VOD

Have the link to the VOD?

Description

Time

  • Played on: Feb. 3, 2021, 10:04 p.m.
  • Length: 6:23
Show
View Real Time Build Order
Export as new Build Order

ParagonPasT Zerg - Winner!

Build Orders: Hatch First 

Get SALT Encoding   

  12  0:00  Drone  
  13  0:12  Overlord  
  13  0:17  Drone  
  14  0:31  Drone x2  
  16  0:48  Hatchery  
  15  0:51  Drone  
  15  0:54  Drone  
  17  0:58  Drone  
  18  1:09  Extractor  
  17  1:13  Spawning Pool  
  17  1:16  Drone  
  17  1:19  Drone  
  18  1:28  Drone  
  19  1:38  Overlord  
  19  1:49  Drone  
  20  1:59  Queen  
  20  2:00  Zergling x2, Queen  
  20  2:01  Zergling x2  
  26  2:09  Metabolic Boost  
  26  2:11  Drone x2  
  28  2:21  Drone  
  28  2:22  Drone  
  30  2:35  Queen x2  
  34  2:39  Overlord  
  34  2:41  Overlord  
  34  2:58  Drone, Hatchery  
  34  3:01  Drone  
  34  3:03  Drone  
  34  3:05  Drone  
  37  3:08  Drone  
  37  3:10  Drone  
  37  3:12  Drone  
  40  3:16  Drone  
  40  3:17  Drone  
  42  3:24  Drone x3  
  45  3:28  Extractor  
  45  3:31  Roach Warren  
  43  3:36  Overlord  
  43  3:38  Overlord  
  43  3:46  Overlord  
  43  4:12  Roach  
  43  4:13  Roach x7  
  43  4:15  Roach  
  43  4:16  Roach  
  63  4:17  Roach  
  63  4:21  Roach  
  63  4:23  Zergling x6  
  70  4:28  Zergling x2  
  71  4:33  Zergling x2  
  71  4:37  Zergling x4  
  74  4:41  Spore Crawler  
  74  4:43  Zergling x2, Spore Crawler  
  73  4:48  Zergling x4  
  75  4:55  Zergling x2  
  75  4:57  Overlord x2  
  76  5:04  Ravager x3  
  76  5:06  Zergling x2  
  80  5:09  Zergling x2  
  80  5:12  Spore Crawler  
  80  5:19  Zergling x14  
  87  5:27  Zergling x8  
  82  5:29  Zergling x2  
  78  5:39  Ravager  
  78  5:40  Ravager  
  78  5:41  Overlord  
  78  5:42  Drone x3  
  83  5:48  Drone x3  
  84  5:51  Drone  
  85  6:01  Baneling Nest  
  85  6:03  Drone  
  85  6:05  Drone  
  85  6:06  Drone  
Show
View Real Time Build Order
Export as new Build Order

A.I. 2 (Elite) Terran 

Build Orders:  

Get SALT Encoding   

  12  0:00  SCV  
  13  0:13  SCV  
  14  0:18  Supply Depot  
  14  0:25  SCV  
  15  0:40  SCV  
  15  0:41  Barracks  
  16  0:52  SCV  
  18  1:04  SCV  
  18  1:09  Refinery  
  18  1:11  Supply Depot  
  18  1:16  SCV  
  19  1:28  SCV  
  19  1:29  Marine  
  21  1:41  Command Center  
  21  2:05  Barracks  
  21  2:06  SCV  
  22  2:10  Marine  
  22  2:13  Factory  
  23  2:18  SCV  
  24  2:23  Supply Depot  
  24  2:29  Marine  
  25  2:30  SCV  
  26  2:42  SCV  
  27  2:46  Marine  
  28  2:53  Orbital Command  
  28  2:54  SCV  
  28  2:58  Factory Tech Lab  
  29  3:01  Refinery  
  29  3:09  Orbital Command  
  29  3:11  Marine  
  30  3:14  Marine  
  30  3:19  SCV  
  32  3:29  Marine  
  32  3:31  Marine, SCV  
  35  3:34  SCV  
  36  3:42  Barracks  
  36  3:43  SCV  
  36  3:47  Marine, SCV  
  39  3:50  Barracks Tech Lab  
  39  3:55  SCV  
  40  3:56  Supply Depot  
  40  3:59  SCV  
  41  4:05  Barracks Tech Lab  
  41  4:07  SCV  
  41  4:08  Marine  
  41  4:09  Stimpack  
  43  4:11  Siege Tank, SCV  
  47  4:19  SCV  
  47  4:23  Combat Shield, Marine, SCV  
  50  4:25  Marine  
  50  4:28  Marine  
  50  4:30  Supply Depot  
  52  4:31  SCV  
  52  4:35  SCV  
  52  4:36  Supply Depot  
  54  4:41  Marine  
  54  4:43  Siege Tank, SCV  
  54  4:44  Marauder  
  61  4:51  SCV  
  62  4:53  Refinery  
  62  4:56  SCV  
  62  4:59  Marauder  
  65  5:03  SCV  
  65  5:05  Marauder  
  65  5:06  Refinery  
  67  5:08  SCV  
  67  5:09  Supply Depot  
  67  5:12  Engineering Bay  
  68  5:15  SCV  
  68  5:20  SCV  
  68  5:21  Marauder  
  67  5:22  Marine  
  67  5:27  Marauder  
  67  5:28  SCV  
  52  5:32  SCV  
  45  5:40  Marine, SCV  
  45  5:41  Marine  
  37  5:48  Marauder  
Tags
 
League
Master
Matchup
TvZ
Spawn Locations
Cross Positions
Add a new tag
Caveats
  • Supply blocks, unpowered buildings, or Contaminate may cause inaccurate times.
  • Supply counts are checked every 10 seconds.